Map: Ruins of Seras

Players

Cereal

  • Race: Zerg Zerg

Bop - Winner!

  • Race: Protoss Protoss

VOD

Have the link to the VOD?

Description

Time

  • Played on: May 2, 2015, 7:59 p.m.
  • Length: 6:49
Show
View Real Time Build Order
Export as new Build Order

Cereal Zerg 

Build Orders: 3 Hatch before Pool 

Get SALT Encoding   

  12  0:27  Hatchery  
  11  0:32  Drone  
  11  0:35  Drone  
  13  0:40  Drone  
  14  1:17  Hatchery, Drone  
  14  1:31  Drone, Spawning Pool  
  14  1:38  Overlord  
  14  1:42  Drone  
  14  1:46  Drone  
  16  1:50  Drone  
  17  1:57  Drone  
  18  2:03  Drone  
  18  2:04  Drone  
  18  2:08  Drone  
  21  2:14  Drone  
  22  2:16  Drone  
  22  2:20  Queen  
  25  2:26  Overlord  
  25  2:41  Drone x5  
  30  2:50  Drone x2, Queen  
  34  2:53  Drone  
  35  3:02  Drone x3  
  35  3:05  Drone  
  39  3:08  Overlord  
  39  3:15  Drone, Extractor x2  
  39  3:16  Drone  
  39  3:21  Drone  
  39  3:22  Queen  
  42  3:28  Overlord  
  42  3:31  Drone x3  
  45  3:43  Drone x5  
  45  3:47  Drone  
  50  3:48  Drone  
  50  3:57  Lair  
  50  3:59  Drone x3  
  53  4:08  Drone x5  
  53  4:09  Overlord x2  
  58  4:19  Overlord x2, Extractor  
  58  4:20  Extractor  
  56  4:25  Drone x2  
  56  4:28  Drone x2  
  60  4:37  Zergling x14  
  66  4:39  Metabolic Boost  
  66  4:41  Drone  
  60  4:46  Drone x2  
  60  4:52  Drone x7  
  68  4:54  Drone  
  67  5:08  Drone x6, Hydralisk Den  
  67  5:10  Drone x2  
  74  5:23  Overlord  
  67  5:36  Hydralisk x8  
  67  5:40  Hydralisk  
  78  5:50  Hydralisk x2  
  78  5:51  Hydralisk x2  
  78  5:56  Zergling x6  
  77  5:59  Drone  
  77  6:03  Hydralisk  
  53  6:19  Hydralisk  
  53  6:22  Drone  
  43  6:27  Drone  
Show
View Real Time Build Order
Export as new Build Order

Bop Protoss - Winner!

Build Orders: Nexus First 

Get SALT Encoding   

  12  0:00  Probe  
  13  0:13  Probe  
  14  0:42  Nexus  
  14  0:54  Pylon  
  14  1:12  Probe (Chrono Boost), Gateway  
  15  1:23  Probe (Chrono Boost)  
  16  1:29  Probe (Chrono Boost)  
  16  1:31  Pylon  
  17  1:41  Probe (Chrono Boost)  
  18  1:51  Probe (Chrono Boost)  
  19  1:56  Assimilator x2  
  19  1:58  Probe x2 (Chrono Boost)  
  19  2:00  Cybernetics Core  
  21  2:15  Probe (Chrono Boost)  
  22  2:18  Probe (Chrono Boost)  
  22  2:21  Probe  
  24  2:26  Gateway  
  24  2:27  Probe  
  25  2:33  Warp Gate  
  25  2:34  Probe (Chrono Boost)  
  26  2:39  Probe (Chrono Boost)  
  26  2:40  Adept (Chrono Boost)  
  30  2:51  Probe (Chrono Boost)  
  30  2:53  Pylon  
  30  2:58  Probe (Chrono Boost)  
  31  3:00  Adept (Chrono Boost)  
  33  3:11  Mothership Core (Chrono Boost)  
  36  3:21  Probe (Chrono Boost)  
  36  3:22  Adept (Chrono Boost), Pylon  
  38  3:28  Probe (Chrono Boost)  
  38  3:30  Probe (Chrono Boost)  
  38  3:33  Adept (Chrono Boost)  
  42  3:48  Adept (Chrono Boost)  
  44  3:55  Gateway x2  
  44  3:58  Gateway  
  44  4:01  Pylon  
  46  4:09  Gateway  
  46  4:11  Gateway  
  42  4:56  Probe  
  42  4:57  Probe, Pylon x2  
  40  5:03  Adept  
  40  5:04  Adept x4  
  48  5:09  Probe x2  
  48  5:13  Pylon  
  50  5:15  Pylon  
  50  5:18  Twilight Council  
  50  5:21  Adept x4  
  58  5:42  Adept x7  
  66  6:06  Stalker x5  
  70  6:21  Adept x2  
  66  6:30  Forge  
  58  6:35  Adept x4  
Tags
 
Add a new tag
Caveats
  • Supply blocks, unpowered buildings, or Contaminate may cause inaccurate times.
  • Supply counts are checked every 10 seconds.